 Dungeon Crawl Stone Soup version 0.30-a0-585-g93115170b9 (webtiles) character file.

Game seed: 4816580217004649328

46 Citaku the Covered (level 3, -4/29 HPs)
             Began as a Human Fighter on Jan 2, 2023.
             Slain by a gnoll
             ... wielding a +0 spear
              (7 damage)
             ... on level 2 of the Dungeon.
             The game lasted 00:01:35 (895 turns).

Citaku the Covered (Human Fighter)                   Turns: 895, Time: 00:01:36

Health: -4/29      AC:  6    Str: 18    XL:     3   Next: 95%
Magic:  3/3        EV:  9    Int:  8    God:
Gold:   60         SH:  4    Dex: 12    Spells: 2/2 levels left

rFire   . . .      SeeInvis .    a - +0 war axe
rCold   . . .      Faith    .    c - +0 buckler
rNeg    . . .      Spirit   .    b - +0 scale mail
rPois   .          Reflect  .    (no helmet)
rElec   .          Harm     .    (no cloak)
rCorr   .          Rampage  .    (no gloves)
Will    .....                    (no boots) Stlth
                                 (no amulet)
HPRegen 0.24/turn                (no ring)
MPRegen 0.08/turn                (no ring)

@: mighty
A: no striking features
a: no special abilities


You were on level 2 of the Dungeon.
You visited 1 branch of the dungeon, and saw 2 of its levels.

You collected 60 gold pieces.

Inventory:

Hand Weapons
 a - a +0 war axe (weapon)
Armour
 b - a +0 scale mail (worn)
 c - a +0 buckler (worn)
Scrolls
 f - a scroll of butterflies {unknown}
 h - 2 scrolls of identify {unknown}
 i - a scroll of immolation {unknown}
Potions
 e - 2 potions of attraction {unknown}
 g - a potion of brilliance {unknown}
 j - a potion of mutation {unknown}
 k - a potion of heal wounds {unknown}
 l - a potion of resistance {unknown}


   Skills:
 + Level 3.4 Fighting
 + Level 2.5 Axes
 + Level 3.4 Armour
 + Level 3.4 Shields


You had 2 spell levels left.
You didn't know any spells.
Your spell library contained the following spells:

 Spells                   Type           Power      Damage    Failure   Level
 Slow                     Hex            0%         N/A       87%         1
 Confusing Touch          Hex            0%         N/A       99%         3
 Vampiric Draining        Necr           0%         2d6       99%         3


Dungeon Overview and Level Annotations

Branches:
Dungeon (2/15)

Altars:


Message History

The adder bites you but does no damage. The adder misses you.
You barely miss the adder.
The adder is lightly wounded.
The adder bites you.
You slash the adder!
You kill the adder!
h - 2 scrolls labelled YPNAIB OCHIHU (gained 1)
l - a murky pink potion A gnoll comes into view.
It is wielding a +0 halberd.
Found an agate ring.
The gnoll shouts!
You hear a shout!
You hear an angry hiss.
The gnoll moves out of view.
A gnoll comes into view. It is wielding a +0 spear.
A gnoll is nearby! 2 gnolls come into view.
A gnoll is wielding a +2 flail of holy wrath.
The gnoll shouts! x3
Found a stone staircase leading up.
The gnoll barely misses you. The gnoll closely misses you.
The gnoll attacks as you move away! You block the gnoll's attack. x2
The gnoll attacks as you move away! The gnoll hits you but does no damage.
The gnoll hits you from afar with a +0 halberd.
The gnoll hits you from afar with a +0 spear.
The gnoll barely misses you. The gnoll barely misses you.
The gnoll hits you with a +2 flail of holy wrath!
The gnoll attacks as you move away! You block the gnoll's attack.
The gnoll hits you from afar with a +0 halberd!
* * * LOW HITPOINT WARNING * * *
The gnoll hits you with a +0 halberd.
* * * LOW HITPOINT WARNING * * *
You hit the gnoll but do no damage. You hit the gnoll.
The gnoll barely misses you. x3
You closely miss the gnoll. You barely miss the gnoll.
The gnoll hits you but does no damage. You block the gnoll's attack.
The gnoll barely misses you.
You feel very mighty all of a sudden. The gnoll hits you with a +0 spear!
You die...

## .#.#.##......##..#..=..
... #.#.#...........!.# #..
#...#................. ..
#.....................
#.#....#........###.....
#......#........# .....
#......#g.......# <...
.#.####.#ggg.....# ...
........#@####.### .##
#................######+###
#..........##..............
#..........##............###
#..........##...............
.........########.........
.........########.........
+#+###^..#..†...#.........
#...#................


You could see 4 gnolls.

Vanquished Creatures
  2 adders (D:2)
  A dart slug (D:1)
  An endoplasm (D:2)
  A giant cockroach (D:1)
  3 goblins (D:1)
  A hobgoblin (D:1)
  6 jackals (D:1)
  A kobold (D:1)
  A quokka (D:1)
  2 ball pythons
  2 bats
  2 frilled lizards (D:1)
  3 rats
26 creatures vanquished.

Notes
Turn   | Place    | Note
-------+----------+-------------------------------------------
     0 | D:1      | Citaku the Human Fighter began the quest for the Orb.
     0 | D:1      | Reached XP level 1. HP: 18/18 MP: 1/1
    86 | D:1      | Reached XP level 2. HP: 16/24 MP: 2/2
   294 | D:1      | Reached XP level 3. HP: 24/29 MP: 3/3
   895 | D:2      | Slain by a gnoll

Illustrated notes

Levels and vault maps discovered:
D:1:      lightli_arrival_windingriver, layout_rooms, fountainhead
D:2:      layout_basic, minmay_quantized

Action                   || total
-------------------------++-------
Melee: War axe           ||    74
  Use: Potion            ||     1
Armor: Scale mail        ||    54
Dodge: Dodged            ||    66
Block: Buckler           ||    33

Table legend: (Time is in decaauts)
 A = Elapsed time spent in this place.
 B = Non-inter-level travel time spent in this place.
 C = Inter-level travel time spent in this place.
 D = Time resting spent in this place.
 E = Time spent auto-exploring this place.
 F = Levels seen in this place.
 G = Mean time per level.
                   A        B        C        D        E       F      G
               +--------+--------+--------+--------+--------+-----+--------+
         Total |    928 |    928 |      0 |      0 |    606 |   2 |  464.0 |
       Dungeon |    928 |    928 |      0 |      0 |    606 |   2 |  464.0 |
               +--------+--------+--------+--------+--------+-----+--------+

Top non-repeatable levels by time:
     D:1: 676 daAuts
     D:2: 251 daAuts
